 Dungeon Crawl Stone Soup version 0.25-a0-822-g6581751 (webtiles) character file.

Game seed: 4714144700613249338, levelgen mode: deterministic

3532 BlueFish the Thaumaturge (level 9, -4/66 HPs)
             Began as a Mummy Wizard on Apr 20, 2020.
             Was an Initiate of Kikubaaqudgha.
             Killed from afar by Maurice (10 damage)
             ... with an iceblast
             ... on level 8 of the Dungeon.
             The game lasted 00:31:48 (10866 turns).

BlueFish the Thaumaturge (Mummy Wizard)            Turns: 10866, Time: 00:31:48

Health: -4/66      AC:  4    Str: 10    XL:     9   Next: 82%
Magic:  1/23       EV: 16    Int: 21    God:    Kikubaaqudgha [......]
Gold:   438        SH:  0    Dex: 14    Spells: 17/28 levels left

rFire    . . .     SeeInvis +   o - +2 hand axe (elec)
rCold    . . .     Gourm    .   (no shield)
rNeg     + + +     Faith    .   e - +0 robe {rC+}
rPois    ∞         Spirit   .   b - +1 hat
rElec    .         Reflect  .   n - +0 cloak
rCorr    .         Harm     .   (no gloves)
MR       +++..                  (no boots)
Stlth    +++.......             s - amulet "Xoedwis" {+Rage rC- MR++ Dex+4 SInv}
HPRegen  0.21/turn              t - ring of fire
MPRegen  0.18/turn              p - +2 ring of evasion

@: marked, very slightly contaminated
A: no food or potions, fire vulnerability, cold resistance 1, negative energy
resistance 3, torment resistance, unbreathing
a: Renounce Religion


You were on level 8 of the Dungeon.
You worshipped Kikubaaqudgha.
Kikubaaqudgha was noncommittal.
You were not hungry.

You visited 2 branches of the dungeon, and saw 9 of its levels.

You collected 538 gold pieces.
You spent 100 gold pieces at shops.

Inventory:

Hand Weapons
 a - a +0 trident
 f - a +1 dagger
 o - a +2 hand axe of electrocution (weapon)
 r - a +2 dagger of protection
Armour
 b - a +1 hat (worn)
 e - a +0 robe of cold resistance (worn)
 n - a +0 cloak (worn)
Jewellery
 i - an uncursed amulet of the acrobat
 p - a +2 ring of evasion (right hand)
 s - the amulet "Xoedwis" (around neck) {+Rage rC- MR++ Dex+4 SInv}
   (You found it on level 6 of the Dungeon)

   [amulet of rage]

   It affects your dexterity (+4).
   It makes you vulnerable to cold.
   It affects your resistance to hostile enchantments.
   It lets you see invisible.
   It lets you go berserk.
 t - a ring of fire (left hand)
Wands
 h - a wand of digging (7)
 v - a wand of polymorph (3)
 w - a wand of flame (11)
Scrolls
 c - a scroll of enchant weapon
 d - 5 scrolls of remove curse
 g - 3 scrolls of blinking
 j - 7 scrolls of teleportation
 k - 2 scrolls of fog
 l - 2 scrolls of magic mapping
 m - a scroll of fear
 q - 2 scrolls of enchant armour
 u - a scroll of acquirement


   Skills:
 * Level 4.5 Fighting
 + Level 3.3(3.4) Axes
 + Level 1.2(2.4) Polearms
 * Level 4.4 Dodging
 * Level 5.2 Stealth
 * Level 10.4 Spellcasting
 + Level 2.5 Conjurations
 + Level 2.8 Summonings
 + Level 0.8 Translocations
 + Level 0.4 Fire Magic
 + Level 0.4 Air Magic
 + Level 0.3 Poison Magic
 * Level 1.6 Evocations


You had 17 spell levels left.
You knew the following spells:

 Your Spells              Type           Power        Failure   Level  Hunger
a - Magic Dart            Conj           ###.         2%          1    N/A
b - Blink                 Tloc           N/A          7%          2    N/A
c - Call Imp              Summ           ###.....     3%          2    N/A
d - Slow                  Hex            ##......     10%         2    N/A
e - Mephitic Cloud        Conj/Pois/Air  ###.....     12%         3    N/A
f - Foxfire               Conj/Fire      ####         3%          1    N/A

Your spell library contained the following spells:

 Spells                   Type           Power        Failure   Level  Hunger
 Summon Small Mammal      Summ           ###.         1%          1    N/A
 Call Canine Familiar     Summ           ###.....     6%          3    N/A
 Conjure Flame            Conj/Fire      ####....     10%         3    N/A
 Summon Guardian Golem    Hex/Summ       ###.....     11%         3    N/A
 Gell's Gravitas          Tloc           ##........   13%         3    N/A
 Inner Flame              Hex/Fire       ###.....     17%         3    N/A
 Confusing Touch          Hex            ##......     19%         3    N/A
 Sticky Flame             Conj/Fire      ####....     32%         4    N/A
 Summon Lightning Spire   Summ/Air       ###.....     32%         4    N/A
 Summon Ice Beast         Ice/Summ       ###.....     34%         4    N/A
 Petrify                  Tmut/Erth      ##......     52%         4    N/A
 Fireball                 Conj/Fire      ####......   67%         5    N/A
 Metabolic Englaciation   Hex/Ice        ##........   86%         5    N/A
 Yara's Violent Unravell  Hex/Tmut       ##........   86%         5    N/A

Dungeon Overview and Level Annotations

Branches:
Dungeon (8/15)             Temple (1/1) D:5
   Lair: D:8-11

Altars:
Ashenzari
Cheibriados
Dithmenos
Elyvilon
Fedhas
Gozag
Hepliaklqana
Kikubaaqudgha
Makhleb
Nemelex Xobeh
Okawaru
Qazlal
Sif Muna
Trog
Uskayaw
Vehumet
Xom
Yredelemnul
Zin
The Shining One

Shops:
D:6 [

Annotations:
D:8 Maurice


Innate Abilities, Weirdness & Mutations

You do not eat or drink.
Your flesh is vulnerable to fire.
You are immune to poison.
Your flesh is cold resistant. (rC+)
You are immune to negative energy. (rN+++)
You are immune to unholy pain and torment.
You can survive without breathing.


Message History

Casting: Blink (safe; 7% risk of failure)
Confirm with . or Enter, or press ? or * to list all spells.
You blink.
Maurice hits the adder with a +0 short sword!
You see here a ration.
Casting: Blink (safe; 7% risk of failure)
Confirm with . or Enter, or press ? or * to list all spells.
Aiming: Mephitic Cloud (mildly dangerous; 12% risk of failure)
Press: ? - help, Shift-Dir - straight line, f/p - Maurice
Aim: Maurice, wielding a +0 short sword, wearing a +0 cloak and carrying a wand of iceblast (7) (lightly wounded, confused)
You miscast Mephitic Cloud.
You are very lightly contaminated with residual magic.
Nothing appears to happen.
Maurice seems less confused.
The adder bites you.
* * * LOW HITPOINT WARNING * * *
You hit the adder.
You kill the adder!
Kikubaaqudgha accepts your kill.
Maurice zaps a wand.
The mass of ice explodes!
The iceblast engulfs you!
You die...
Kikubaaqudgha rasps: "You have failed me!
Welcome... oblivion!"

#.<...###
#.###..... .....
.....# #.. ....
[.##.# #... ..(#.#
... .....# .. ..#
...#.# .. #.#
..##.# #) .% #.#
.....# .@ .%.. #@#
##.#.##J####.# #.#
......#.#.....##@#
#####.#...# #....#
# #...## ###.Y# #
#..##♣
♣##.############.
# #..#
#.o##..oo..§.).
#####.##
##.#.###.#.####
......# #.#.# 5§..


You could see Maurice, an ice beast and an orc.

Vanquished Creatures
  Prince Ribbit (D:6)
  A hippogriff (D:8)
  A steam dragon (D:8)
  A water moccasin (D:6)
  A hornet zombie (D:8)
  3 sky beasts (D:5)
  3 phantoms
  An ice beast (D:6)
  2 ogres
  A black bear (D:7)
  A centaur (D:5)
  5 bullfrogs
  3 killer bees (D:7)
  A howler monkey (D:4)
  3 jellies
  5 crimson imps
  A quasit (D:7)
  3 orc priests
  2 bullfrog skeletons
  A centaur skeleton (D:6)
  3 hounds
  2 iguanas
  4 worker ants
  4 orc wizards
  A hound skeleton (D:5)
  6 adders
  3 shadow imps
  2 oozes
  4 dart slugs
  3 leopard geckos
  18 orcs
  4 ball pythons
  5 giant cockroaches
  10 goblins
  9 hobgoblins
  14 jackals
  4 quokkas
  5 bats
  5 frilled lizards
  4 kobolds
  A leopard gecko zombie (D:8)
  6 rats
157 creatures vanquished.

Vanquished Creatures (collateral kills)
  Grinder (D:6)
  Menkaure (D:6)
  A big kobold (D:6)
  2 scorpions (D:6)
  A crimson imp (D:6)
  A jelly (D:4)
  A hound (D:5)
  2 orc priests
  A centaur skeleton (D:4)
  An iguana (D:3)
  2 worker ants
  A hound zombie (D:6)
  A worker ant zombie (D:5)
  4 adders
  An adder zombie (D:5)
  4 worms
  A leopard gecko (D:3)
  3 orcs
  A jackal (D:2)
  6 kobolds (D:6)
36 creatures vanquished.

Vanquished Creatures (others)
  A killer bee (D:7)
  32 foxfires (D:5)
33 creatures vanquished.

Grand Total: 226 creatures vanquished

Notes
Turn   | Place    | Note
-------+----------+-------------------------------------------
     0 | D:1      | BlueFish the Mummy Wizard began the quest for the Orb.
     0 | D:1      | Reached XP level 1. HP: 13/13 MP: 5/5
   331 | D:1      | Reached XP level 2. HP: 19/19 MP: 5/7
   335 | D:1      | Learned a level 2 spell: Blink
   338 | D:1      | Learned a level 2 spell: Call Imp
   341 | D:1      | Learned a level 2 spell: Slow
  1212 | D:2      | Reached XP level 3. HP: 23/25 MP: 0/9
  1217 | D:2      | Learned a level 3 spell: Mephitic Cloud
  1329 | D:2      | Reached skill level 5 in Spellcasting
  1801 | D:2      | Reached skill level 1 in Conjurations
  1879 | D:2      | Reached XP level 4. HP: 16/31 MP: 4/11
  2462 | D:3      | You fall into a shaft and drop 3 floors!
  2500 | D:6      | Reached skill level 1 in Fighting
  2597 | D:6      | Noticed a big kobold
  2603 | D:6      | Killed a big kobold
  2603 | D:6      | Reached skill level 1 in Summonings
  2749 | D:6      | Reached skill level 6 in Spellcasting
  2749 | D:6      | Reached XP level 5. HP: 37/37 MP: 7/13
  2799 | D:6      | Found an iron altar of Okawaru.
  2806 | D:6      | Noticed Grinder
  2883 | D:6      | Killed Grinder
  2996 | D:6      | Noticed Menkaure
  2996 | D:6      | Noticed an ogre
  3018 | D:6      | Killed an ogre
  3018 | D:6      | Reached XP level 6. HP: 44/44 MP: 6/15
  3032 | D:6      | Killed Menkaure
  3032 | D:6      | Reached skill level 7 in Spellcasting
  3354 | D:6      | Found Oxed's Armour Emporium.
  3359 | D:6      | Bought a +0 robe of cold resistance for 100 gold pieces
  3586 | D:5      | Entered Level 5 of the Dungeon
  3668 | D:4      | Reached XP level 7. HP: 34/50 MP: 13/17
  3794 | D:4      | Found a shadowy altar of Dithmenos.
  5959 | D:5      | Reached skill level 1 in Polearms
  5959 | D:5      | Reached skill level 8 in Spellcasting
  6034 | D:5      | Found a stormy altar of Qazlal.
  6528 | D:5      | Reached XP level 8. HP: 56/57 MP: 7/20
  6639 | D:4      | Learned a level 1 spell: Foxfire
  7137 | D:5      | Found a staircase to the Ecumenical Temple.
  7152 | Temple   | Entered the Ecumenical Temple
  7251 | D:5      | Reached skill level 1 in Axes
  7591 | D:6      | Reached skill level 9 in Spellcasting
  7850 | D:6      | Noticed Prince Ribbit
  7908 | D:6      | Killed Prince Ribbit
  8280 | D:6      | Found an iron altar of Okawaru.
  8325 | D:6      | Reached XP level 9. HP: 41/65 MP: 16/22
  8854 | D:6      | Noticed an angel
  8855 | D:6      | Found a glowing silver altar of Zin.
  8917 | D:6      | Got a slimy bone amulet
  8919 | D:6      | Identified the amulet "Xoedwis" {+Rage rC- MR++ Dex+4 SInv}
                  | (You found it on level 6 of the Dungeon)
  9232 | D:7      | Identified a scroll of acquirement
  9471 | D:7      | Found a radiant altar of Vehumet.
  9641 | D:7      | Found a shadowy altar of Dithmenos.
  9645 | D:7      | Found a glowing golden altar of the Shining One.
  9649 | D:7      | Found an ancient bone altar of Kikubaaqudgha.
  9654 | D:7      | Became a worshipper of Kikubaaqudgha
  9928 | D:8      | Reached skill level 5 in Stealth
  9928 | D:8      | Reached skill level 10 in Spellcasting
 10000 | D:8      | Reached skill level 1 in Evocations
 10637 | D:8      | Noticed Maurice
 10866 | D:8      | Killed from afar by Maurice

Levels and vault maps discovered:
D:1:      wheals_arrival_shading, layout_basic
D:2:      layout_rooms
D:3:      layout_basic
D:4:      layout_loops_cross, grunt_dithmenos_shadows
D:5:      layout_cave_pools, nicolae_qazlal_general_emergency,
          minmay_temple_entry_glass, first_ration, minmay_chambers_of_fives
D:6:      layout_layer_cave, zin_angel, serial_shops, shop, basic_altar,
          kennysheep_okawaru_gauntlet, uniq_menkaure, uniq_prince_ribbit1,
          uniq_grinder
D:7:      layout_basic, vehumet_altar_wand_db, minitemple
D:8:      cheibrodos_iron_armory, layout_loops_cross,
          gammafunk_temple_overflow_wave, uniq_maurice
Temple:   nicolae_temple_great_sept

Skill      XL: |  1  2  3  4  5  6  7  8  9 |
---------------+----------------------------+-----
Spellcasting   | 5 6 7 8 9 10 | 10.4
Stealth        | 2 3 4 5 |  5.2
Conjurations   | 1 2 |  2.5
Fighting       | 1 2 3 4 |  4.5
Dodging        | 2 3 4 |  4.4
Summonings     | 1 2 |  2.8
Polearms       | 1 |  1.2
Axes           | 1 3 |  3.3
Evocations     | 1 |  1.6
Translocations | |  0.8
Fire Magic     | |  0.4
Air Magic      | |  0.4
Poison Magic   | |  0.3

Action                   |  1- 3 |  4- 6 |  7- 9 || total
-------------------------+-------+-------+-------++-------
Melee: Spear             |     9 |       |       ||     9
       Dagger            |       |    10 |       ||    10
       Trident           |       |    14 |   109 ||   123
       Hand axe          |       |       |   207 ||   207
 Cast: Magic Dart        |   100 |    19 |   289 ||   408
       Call Imp          |     6 |    40 |    54 ||   100
       Mephitic Cloud    |       |     3 |    19 ||    22
       Foxfire           |       |       |    18 ||    18
       Blink             |       |       |     4 ||     4
  Use: Scroll            |       |     7 |     5 ||    12
 Stab: Distracted        |     1 |       |       ||     1
       Confused          |       |       |     8 ||     8
       Sleeping          |       |       |     2 ||     2
Armor: Robe              |     3 |     1 |    46 ||    50
Dodge: Dodged            |    23 |    36 |   231 ||   290

Table legend:
 A = Non-vault XP
 B = Vault XP
 C = Vault XP percentage of total XP
 D = Non-vault monster count
 E = Vault monster count
 F = Vault count percentage of total count
                 A         B        C        D         E       F
            +---------+---------+-------+---------+---------+-------
      Total |    4313 |     733 |  14.5 |     182 |      12 |   6.2
            +---------+---------+-------+---------+---------+-------
        D:1 |      41 |       0 |   0.0 |      20 |       0 |   0.0
        D:2 |      72 |       0 |   0.0 |      22 |       0 |   0.0
        D:3 |     138 |       0 |   0.0 |      31 |       0 |   0.0
        D:4 |     290 |      74 |  20.3 |      16 |       1 |   5.9
        D:5 |     784 |     152 |  16.2 |      25 |       5 |  16.7
        D:6 |     852 |     505 |  37.2 |      35 |       5 |  12.5
        D:7 |    1015 |       2 |   0.2 |      19 |       1 |   5.0
        D:8 |    1121 |       0 |   0.0 |      14 |       0 |   0.0
            +---------+---------+-------+---------+---------+-------
